 Dungeon Crawl Stone Soup version 0.31.0-32-g396128a36d (webtiles) character file.

Game seed: 13034247143045506376

35636 BlimBlapZing the Brawler (level 13, -5/113 HPs)
             Began as a Ghoul Monk on Apr 11, 2024.
             Was a High Priest of Makhleb.
             Shot with an arrow by Nessos (8 damage)
             ... on level 5 of the Lair of Beasts on Apr 12, 2024.
             The game lasted 00:44:31 (20181 turns).

BlimBlapZing the Brawler (Ghoul Monk)              Turns: 20181, Time: 00:44:32

Health: -5/113     AC: 26    Str: 22    XL:     13   Next: 85%
Magic:  19/19      EV: 12    Int:  9    God:    Makhleb [*****.]
Gold:   915        SH:  6    Dex: 17    Spells: 12/12 levels left

rFire   . .          .
                       - Unarmed
rCold   + . .        n - +0 buckler "Kionaxa" {Will+ Str+2 Dex+3}
rNeg    + + +        L - +0 plate armour
rPois   ∞            d - +2 hat
rElec   .            D - +2 cloak
rCorr   +            l - +2 pair of gloves
SInv    .            r - +2 pair of boots
Will    .....        (no amulet) Stlth
                     P - ring "Foquasm" {rPois Will- rCorr EV+5 Dex+3}
HPRegen 0.00/turn    (no ring)
MPRegen 0.16/turn

%: no passive effects
@: inhibited regen
A: claws 1, cold resistance 1, negative energy resistance 3, inhibited
regeneration, torment resistance 2, devour on kill
a: Renounce Religion, Minor Destruction, Lesser Servant of Makhleb, Major
Destruction, Greater Servant of Makhleb


You were on level 5 of the Lair of Beasts.
You worshipped Makhleb.
Makhleb was extremely pleased with you.
You visited 3 branches of the dungeon, and saw 17 of its levels.
You also visited: Ossuary.

You collected 981 gold pieces.
You spent 66 gold pieces at shops.

Inventory:

Missiles
 g - 14 boomerangs
 k - 7 throwing nets
 q - 16 poisoned darts (quivered)
 M - 9 javelins
Armour
 c - an orb of light
 d - a +2 hat (worn)
 l - a +2 pair of gloves (worn)
 n - the +0 buckler "Kionaxa" (worn) {Will+ Str+2 Dex+3}
   (You found it on level 2 of the Dungeon)

   Str+2:     It affects your strength (+2).
   Dex+3:     It affects your dexterity (+3).
   Will+:     It increases your willpower.
 r - a +2 pair of boots (worn)
 v - the +1 kite shield "Ruukeh" {Harm Will+ Int+3 Stlth+}
   (You found it on level 1 of the Lair of Beasts)

   Int+3:     It affects your intelligence (+3).
   Will+:     It increases your willpower.
   Harm:      It increases damage dealt and taken.
   Stlth+:    It makes you more stealthy.
 D - a +2 cloak (worn)
 L - a +0 plate armour (worn)
Jewellery
 s - a ring of fire
 G - a ring of ice
 N - an amulet of magic regeneration
 P - the ring "Foquasm" (left hand) {rPois Will- rCorr EV+5 Dex+3}
   (You found it on level 1 of the Lair of Beasts)

   [ring of evasion]

   EV+5:      It affects your evasion (+5).
   Dex+3:     It affects your dexterity (+3).
   rPois:     It protects you from poison Will-: It decreases your willpower.
   rCorr:     It protects you from acid and corrosion.
Wands
 E - a wand of charming (11)
 O - a wand of light (10)
 Q - a wand of flame (7)
 R - a wand of roots (9)
Scrolls
 a - a scroll of butterflies {unknown}
 e - 4 scrolls of poison {unknown}
 f - 3 scrolls of brand weapon {unknown}
 h - 2 scrolls of identify
 i - 3 scrolls of enchant armour
 j - 8 scrolls of teleportation
 m - 3 scrolls of revelation {unknown}
 o - 2 scrolls of noise {unknown}
 u - 2 scrolls of amnesia {unknown}
 w - 3 scrolls of torment {unknown}
 y - a scroll of enchant weapon {unknown}
 A - 2 scrolls of silence {unknown}
 F - 4 scrolls of fear {unknown}
 H - 2 scrolls of fog {unknown}
 I - 4 scrolls of vulnerability {unknown}
Potions
 b - 3 potions of ambrosia
 p - 5 potions of magic
 t - a potion of lignification {unknown}
 x - 7 potions of curing
 z - 3 potions of haste
 B - 3 potions of enlightenment
 C - 3 potions of might


   Skills:
 * Level 10.2 Fighting
 + Level 2.5 Throwing
 + Level 8.6 Armour
 - Level 2.6 Dodging
 * Level 7.6 Shields
 + Level 17.0 Unarmed Combat
 * Level 9.2 Invocations
 + Level 0.2 Evocations


You had 12 spell levels left.
You didn't know any spells.
Your spell library contained the following spells:

 Spells                   Type           Power      Damage    Failure   Level
 Necrotise                Necr           0%         1d4       100%        1
 Sandblast                Erth           0%         2d4       100%        1
 Summon Small Mammal      Summ           0%         N/A       100%        1
 Call Imp                 Summ           0%         N/A       100%        2
 Call Canine Familiar     Summ           0%         N/A       100%        3
 Dazzling Flash           Conj/Hex       0%         N/A       100%        3
 Mephitic Cloud           Conj/Alch/Air  0%         N/A       100%        3
 Passwall                 Erth           0%         N/A       100%        3
 Stone Arrow              Conj/Erth      0%         3d7       100%        3
 Vampiric Draining        Necr           0%         2d6       100%        3
 Animate Armour           Summ/Erth      0%         N/A       100%        4
 Brom's Barrelling Bould  Conj/Erth      0%         2d3       100%        4
 Martyr's Knell           Necr/Summ      0%         N/A       100%        4
 Summon Blazeheart Golem  Fire/Summ      0%         N/A       100%        4
 Summon Lightning Spire   Summ/Air       0%         N/A       100%        4
 Curse of Agony           Necr           0%         N/A       100%        5
 Lee's Rapid Deconstruct  Erth           0%         3d4*      100%        5
 Silence                  Hex/Air        0%         N/A       100%        5
 Summon Hydra             Summ           0%         N/A       100%        7
 Sublimation of Blood     Necr           Unusable   N/A       N/A         2

Dungeon Overview and Level Annotations

Branches:
Dungeon (11/15)            Temple (1/1) D:5            Lair (5/5) D:8
 Shoals (0/4) Lair:2        Snake (0/4) Lair:3        Slime (0/5) Lair:4
    Orc (0/2) D:9         Ossuary (visited)

Altars:
Ashenzari
Cheibriados
Dithmenos
Fedhas
Gozag
Hepliaklqana
Kikubaaqudgha
Makhleb
Nemelex Xobeh
Okawaru
Qazlal
Ru
Sif Muna
Trog
Uskayaw
Vehumet
Wu Jian
Xom
Yredelemnul
Jiyva

Shops:
D:6 *   D:7 *   D:9 =

Annotations:
D:6 3 runed translucent doors, PaiMei's ghost, amateur DsNe; flammie80's ghost, novice FoMo; spaghetti's ghost, novice NaCK
Lair:5 Nessos


Innate Abilities, Weirdness & Mutations

You are immune to poison.
You have sharp fingernails.
Your flesh is cold resistant. (rC+)
You are immune to negative energy. (rN+++)
You do not regenerate when monsters are visible.
You are immune to unholy pain and torment.
You thrive by killing the living.


Message History

Nessos zaps a wand.
Nessos zaps a wand.
Nessos unwields a +3 longbow of flaming.
It stops flaming.
Nessos closely misses you. You block Nessos's attack.
You completely miss Nessos. Nessos misses you. x2
You closely miss Nessos. You block Nessos's attack.
Nessos kicks you but does no damage.
Nessos zaps a wand.
You easily resist.
You hit Nessos.
Nessos is lightly wounded.
Nessos hits you but does no damage. Nessos closely misses you.
Your ynoxinul gestures.
Nessos intently looks at you, slowly moving their tail.
You block Nessos's attack. Nessos barely misses you.
You pummel Nessos!!
Nessos is moderately wounded.
Nessos zaps a wand.
You easily resist.
You punch Nessos!
Nessos is heavily wounded.
Nessos hits you. Nessos barely misses you.
Your ynoxinul gestures.
You block Nessos's attack. Nessos barely misses you.
You hit Nessos but do no damage.
Nessos is heavily wounded.
Nessos hits you but does no damage. Nessos completely misses you.
Nessos casts a spell.
Nessos blinks!
Nessos zaps a wand.
You easily resist.
Nessos wields a +3 longbow of flaming.
It bursts into flame!
Nessos shoots an arrow.
The arrow hits you!
* * * LOW HITPOINT WARNING * * *
The arrow burns you.
* * * LOW HITPOINT WARNING * * *
Found 3 scrolls of teleportation.
Nessos zaps a wand.
You easily resist.
Nessos shoots an arrow.
The arrow hits you.
* * * LOW HITPOINT WARNING * * *
The arrow burns you.
* * * LOW HITPOINT WARNING * * *
Nessos shoots an arrow.
The arrow hits you!
* * * LOW HITPOINT WARNING * * *
The arrow burns you!
You die...

#...P.##.#......P...
##...##.##..#....#.##
###...#.#.#..###.....##
##.##....5....##...#.#..
....#..5.#55..###...#...
......#.#35..##...###..
#...##5##.##.#.......
#.....###.###...#....
#...@#..#.##.....##..
#...c....?..........


.PP ........................ ........................ ........................
.......#.#..#.#......... ....... #.#.#####.....# .#..... . ### #.....# ##.#
#P....### You could see Nessos (fast, ally target), a friendly ynoxinul
(summoned) and 4 friendly ufetubi.

Vanquished Creatures
  2 hydras
  2 catoblepae
  A boulder beetle (D:8)
  A death yak (Lair:1)
  A two-headed ogre (D:8)
  Nergalle (Lair:1)
  A skyshark (Lair:4)
  A merfolk siren (Lair:2)
  2 black mambas
  5 elephants (Lair:2)
  11 cane toads
  A torpor snail (Lair:2)
  Maggie (D:7)
  4 rime drakes
  6 komodo dragons
  3 hornets
  A troll (D:8)
  19 blink frogs
  14 dream sheep (Lair:3)
  Sigmund (D:2)
  34 yaks
  4 wyverns
  A shadow (D:10)
  4 steam dragons
  A basilisk (Lair:2)
  5 nagas
  10 water moccasins
  3 black bears
  2 sky beasts
  An orc warrior (D:10)
  9 ice beasts
  7 wolves
  6 centaurs
  A phantom (D:6)
  2 elf zombies
  2 kobold brigands
  13 bullfrogs
  4 elf skeletons (D:7)
  4 wights
  A burial acolyte (D:8)
  4 killer bees (D:10)
  A howler monkey (D:9)
  An electric eel (Lair:1)
  4 centaur zombies (Ossuary)
  A crimson imp (D:6)
  A human zombie (Ossuary)
  5 orc priests
  3 bombardier beetles
  3 hounds
  3 jellies
  3 gnoll boudas
  4 sleepcaps
  Terence (D:2)
  6 iguanas
  Natasha (thrice) (D:2)
  10 orc wizards
  8 hound zombies
  2 mummies (Ossuary)
  A howler monkey zombie (D:8)
  11 adders
  9 gnolls
  A shadow imp (D:7)
  2 white imps (D:6)
  4 ufetubi (D:6)
  7 adder zombies (Ossuary)
  3 dart slugs
  2 ribbon worms
  16 orcs
  3 bats (D:1)
  10 endoplasms
  A giant cockroach (D:1)
  A gnoll zombie (Ossuary)
  8 hobgoblins
  12 kobolds
  2 quokkas (D:1)
  8 ball pythons
  A ball python zombie (D:3)
  2 frilled lizards (D:3)
  7 goblins
  5 jackal zombies (Ossuary)
  3 kobold zombies (Ossuary)
  An orc skeleton (D:7)
  7 orc zombies (Ossuary)
  4 rats
386 creatures vanquished.

Vanquished Creatures (collateral kills)
  Harold (Lair:2)
1 creature vanquished.

Vanquished Creatures (others)
  A human (D:8)
1 creature vanquished.

Grand Total: 388 creatures vanquished

Notes
Turn   | Place    | Note
-------+----------+-------------------------------------------
     0 | D:1      | BlimBlapZing the Ghoul Monk began the quest for the Orb.
     0 | D:1      | Reached XP level 1. HP: 19/19 MP: 1/1
   177 | D:1      | Reached XP level 2. HP: 26/26 MP: 2/2
   271 | D:1      | Reached skill level 4 in Unarmed Combat
   398 | D:1      | Reached XP level 3. HP: 20/31 MP: 3/3
   437 | D:1      | You fall into a shaft and drop 1 floor!
   709 | D:2      | Noticed Natasha
   724 | D:1      | Reached skill level 1 in Armour
   724 | D:1      | Reached XP level 4. HP: 14/40 MP: 4/4
  1031 | D:2      | Noticed Sigmund
  1045 | D:2      | Killed Sigmund
  1046 | D:2      | Reached skill level 6 in Unarmed Combat
  1046 | D:2      | Reached XP level 5. HP: 45/46 MP: 5/5
  1046 | D:2      | Reached XP level 6. HP: 51/52 MP: 6/6
  1306 | D:2      | Killed Natasha
  1445 | D:2      | Noticed Natasha
  1455 | D:2      | Killed Natasha
  1656 | D:2      | Noticed Terence
  1665 | D:2      | Killed Terence
  1719 | D:2      | Noticed Natasha
  1725 | D:2      | Killed Natasha
  1726 | D:2      | Reached skill level 7 in Unarmed Combat
  1735 | D:2      | Identified the +0 buckler "Kionaxa" {Will+ Str+2 Dex+3}
  1788 | D:2      | Found a faded altar of an unknown god.
  2162 | D:3      | Reached XP level 7. HP: 54/59 MP: 7/7
  2182 | D:3      | Found a basalt altar of Yredelemnul.
  3034 | D:4      | Reached skill level 8 in Unarmed Combat
  3190 | D:4      | Found a radiant altar of Vehumet.
  3682 | D:5      | Entered Level 5 of the Dungeon
  3714 | D:5      | Reached skill level 9 in Unarmed Combat
  3714 | D:5      | Reached XP level 8. HP: 66/66 MP: 8/8
  3746 | D:5      | Found a staircase to the Ecumenical Temple.
  3762 | Temple   | Entered the Ecumenical Temple
  3785 | Temple   | Became a worshipper of Makhleb the Destroyer
  3785 | Temple   | Reached * piety under Makhleb
  3785 | Temple   | Reached ** piety under Makhleb
  4414 | D:5      | Reached skill level 1 in Invocations
  4466 | D:5      | Reached skill level 10 in Unarmed Combat
  4534 | D:5      | Reached skill level 5 in Fighting
  5297 | D:6      | Reached XP level 9. HP: 71/74 MP: 10/10
  5464 | D:6      | Reached skill level 1 in Shields
  5546 | D:6      | Found Seejin's Assorted Antiques.
  5550 | D:6      | Bought 3 scrolls labelled HOIWERANAGI for 66 gold pieces
  5647 | D:6      | Reached skill level 11 in Unarmed Combat
  5681 | D:6      | Found a runed translucent gate.
  5681 | D:6      | Found a runed translucent gate.
  5698 | D:6      | Found a runed translucent gate.
  5736 | D:6      | Noticed flammie80's ghost (novice FoMo)
  5736 | D:6      | Noticed PaiMei's ghost (amateur DsNe)
  5736 | D:6      | Noticed spaghetti's ghost (novice NaCK)
  6332 | D:7      | Found Uhamnyr's General Store.
  6340 | D:7      | Noticed Maggie
  6350 | D:7      | Killed Maggie
  6455 | D:7      | Found a sand-covered staircase.
  6504 | Ossuary  | Entered an ossuary
  6631 | Ossuary  | Reached *** piety under Makhleb
  7073 | Ossuary  | Reached XP level 10. HP: 81/83 MP: 13/13
  7267 | D:7      | Reached skill level 12 in Unarmed Combat
  7901 | D:7      | Reached **** piety under Makhleb
  8409 | D:7      | Reached skill level 5 in Invocations
  9019 | D:8      | Reached skill level 13 in Unarmed Combat
  9079 | D:8      | Noticed a +0 dagger
  9081 | D:8      | Found a hide-covered altar of Uskayaw.
  9081 | D:8      | Noticed a +0 hand axe
  9110 | D:8      | Found a staircase to the Lair.
  9175 | D:8      | Found an ancient bone altar of Kikubaaqudgha.
  9190 | D:8      | Noticed a two-headed ogre
  9196 | D:8      | Killed a two-headed ogre
  9197 | D:8      | Reached skill level 5 in Armour
  9330 | D:8      | Noticed a boulder beetle
  9348 | D:8      | Killed a boulder beetle
  9349 | D:8      | Reached skill level 1 in Throwing
  9349 | D:8      | Reached XP level 11. HP: 53/92 MP: 15/15
  9692 | D:9      | Found a shimmering altar of Xom.
  9787 | D:9      | Found Heistash's Jewellery Shop.
 10417 | D:9      | Found a staircase to the Orcish Mines.
 10604 | D:10     | Entered Level 10 of the Dungeon
 10726 | D:10     | Reached skill level 5 in Shields
 11010 | D:10     | Reached ***** piety under Makhleb
 11827 | D:11     | Noticed a manticore
 11827 | D:11     | Noticed a catoblepas
 11928 | Lair:1   | Entered Level 1 of the Lair of Beasts
 12020 | Lair:1   | Reached skill level 14 in Unarmed Combat
 12169 | Lair:1   | Identified the +1 kite shield "Ruukeh" {Harm Will+ Int+3
                  | Stlth+}
 12304 | Lair:1   | Identified the ring "Foquasm" {rPois Will- rCorr EV+5
                  | Dex+3}
 12608 | Lair:1   | Reached XP level 12. HP: 101/101 MP: 17/17
 12926 | Lair:1   | Noticed a catoblepas
 12945 | Lair:1   | Killed a catoblepas
 13067 | Lair:1   | Reached skill level 15 in Unarmed Combat
 13618 | Lair:1   | Noticed Nergalle
 13628 | Lair:1   | Killed Nergalle
 14091 | Lair:2   | Noticed a death yak
 14111 | Lair:1   | Killed a death yak
 15257 | Lair:2   | Found a staircase to the Shoals.
 15442 | Lair:2   | Noticed a six-headed hydra
 15452 | Lair:2   | Killed a six-headed hydra
 16069 | Lair:2   | Reached XP level 13. HP: 110/111 MP: 19/19
 16096 | Lair:2   | Noticed Harold
 16104 | Lair:2   | Killed Harold
 16105 | Lair:2   | Reached skill level 16 in Unarmed Combat
 16667 | Lair:3   | Found a staircase to the Snake Pit.
 17442 | Lair:3   | Identified the +10 sling of Lies {drain, rF+ Stlth+}
 18616 | Lair:3   | Reached skill level 10 in Fighting
 19119 | Lair:4   | Found a shimmering altar of Xom.
 19264 | Lair:4   | Found a staircase to the Slime Pits.
 19264 | Lair:4   | Found a viscous altar of Jiyva.
 19365 | Lair:4   | Reached ****** piety under Makhleb
 20027 | Lair:5   | Entered Level 5 of the Lair of Beasts
 20153 | Lair:5   | Reached skill level 17 in Unarmed Combat
 20159 | Lair:5   | Noticed Nessos
 20181 | Lair:5   | HP: 3/113 [Nessos/arrow (17)]
 20181 | Lair:5   | Shot with an arrow by Nessos

Illustrated notes

Levels and vault maps discovered:
D:1:      wander_arrival_peaceful_grave, layout_basic, minmay_pentomino_v4
D:2:      layout_basic, shapermc_ecumenical_altar_hornbeckon, uniq_terence,
          uniq_sigmund, uniq_natasha
D:3:      layout_basic, lemuel_zombie_altar_yredelemnul, grunt_decor_clamped
D:4:      layout_basic, mainiacjoe_overflow_brackets
D:5:      layout_layer_cave, minmay_temple_entry_grid, minmay_starry_boxes
D:6:      layout_cave_pods, gammafunk_ghost_cemetery, serial_shops,
          nicolae_shop_back_alley_shop, minmay_fire_ice_demons
D:7:      layout_layer_cave, serial_shops, nicolae_shop_just_a_little_nook,
          nicolae_ossuary_entry_catacombs, uniq_maggie
D:8:      layout_rooms, zin_academy, dancing_weapons_uskayaw, tgw_kikubaaqudgha,
          hellmonk_lair_entry_icy, minmay_door_square
D:9:      layout_roguey, kennysheep_mini_moat, marbit_many_paths, orc_0_dummy,
          nicolae_take_the_stairs, minmay_misc_feat_chi
D:10:     layout_gridville, skrybe_limestone_x
D:11:     nzn_motion_control, layout_long_grid
Temple:   nicolae_temple_superstar
Lair:1:   layout_roguey, serial_bayou_shore_a, grunt_megastairs_3,
          lemuel_fruit_tree, uniq_nergalle
Lair:2:   layout_hall_layers, minmay_shoals_entry_lonely_mermaid, serial_forest,
          infiniplex_forest_end_double, infiniplex_forest_clump_small,
          infiniplex_forest_clump_C, infiniplex_forest_corner_2,
          infiniplex_forest_lined_3_way, infiniplex_forest_lined_2,
          infiniplex_forest_lined_2, infiniplex_forest_clump_double, uniq_harold
Lair:3:   layout_regular_city, minmay_snake_entry_guardpost_medium,
          patterned_corridor
Lair:4:   layout_cave_pods, slime_entry_1, basic_altar
Lair:5:   evilmike_catoblepas_cave, layout_regular_city,
          nicolae_volcano_entry_two_sided, grunt_megastairs_4,
          serial_bayou_shore_b, uniq_nessos

Skill      XL: |  1  2  3  4  5  6  7  8  9 10 11 12 13 |
---------------+----------------------------------------+-----
Unarmed Combat | 4 6 7 9 10 11 13 14 15 17 | 17.0
Armour         | 1 2 3 4 5 6 7 8 |  8.6
Fighting       | 4 5 6 7 8 9 10 | 10.2
Invocations    | 2 4 5 7 8 9 |  9.2
Shields        | 3 4 5 6 7 |  7.6
Throwing       | 1 2 |  2.5
Dodging        | |  2.6
Evocations     | |  0.2

Action                     |  1- 3 |  4- 6 |  7- 9 | 10-12 | 13-15 || total
---------------------------+-------+-------+-------+-------+-------++-------
  Melee: Unarmed           |    76 |    90 |   433 |   621 |   305 ||  1525
  Throw: Dart              |       |       |     9 |    17 |     4 ||    30
         Javelin           |       |       |       |       |     7 ||     7
 Invoke: Lesser Servant of |       |       |       |       |     2 ||     2
  Evoke: Wand              |       |       |       |     3 |       ||     3
    Use: Scroll            |       |       |     5 |     6 |     3 ||    14
         Potion            |       |       |       |     2 |     1 ||     3
   Stab: Invisible         |       |       |       |     3 |       ||     3
         Petrified         |       |       |       |       |     2 ||     2
         Distracted        |       |       |       |       |     1 ||     1
 Armour: Robe              |    54 |     5 |       |       |       ||    59
         Ring mail         |       |    30 |       |       |       ||    30
         Chain mail        |       |    27 |   309 |   170 |       ||   506
         Plate armour      |       |       |       |   317 |   178 ||   495
  Dodge: Dodged            |    61 |    34 |   166 |   224 |    96 ||   581
  Block: Buckler           |       |       |       |    44 |    63 ||   107
